 Dungeon Crawl Stone Soup version 0.31.0-11-ge490571c62 (webtiles) character file.

Game seed: 6784637261425793700

5 qw the Shooter (level 1, -2/12 HPs)
             Began as a Deep Elf Hunter on Feb 4, 2024.
             Slain by a kobold
             ... wielding a +0 short sword of freezing
              (4 damage)
             ... on level 1 of the Dungeon.
             The game lasted 00:00:00 (66 turns).

qw the Shooter (Deep Elf Hunter)                      Turns: 66, Time: 00:00:00

Health: -2/12      AC:  3    Str:  8    XL:     1   Next: 66%
Magic:  3/3        EV: 12    Int: 13    God:
Gold:   7          SH:  0    Dex: 18    Spells: 0/0 levels left

rFire   . . .        a - +0 shortbow
rCold   . . .        (shield currently unavailable)
rNeg    . . .        c - +0 leather armour
rPois   .            (no helmet)
rElec   .            (no cloak)
rCorr   .            (no gloves)
SInv    .            (no boots)
Will    .....        (no amulet)
Stlth   ++           (no ring)
HPRegen 0.22/turn    (no ring)
MPRegen 0.08/turn

%: no passive effects
@: no status effects
A: no striking features
a: no special abilities


You were on level 1 of the Dungeon.
You visited 1 branch of the dungeon, and saw 1 of its levels.

You collected 7 gold pieces.


   Skills:
 - Level 1.5 Fighting
 + Level 5.7 Ranged Weapons
 - Level 2.4 Dodging
 - Level 1.2 Stealth


You couldn't memorise any spells.
You didn't know any spells.
Your spell library was empty.

Inventory:

Hand Weapons
 a - a +0 shortbow (weapon)
Armour
 c - a +0 leather armour (worn)
Scrolls
 b - a scroll of butterflies
 d - 2 scrolls of identify {unknown}

Dungeon Overview and Level Annotations

Branches:
Dungeon (1/15)

Altars:


Message History

You shoot an arrow. The arrow hits the rat!
You kill the rat!
You shoot an arrow. The arrow hits the goblin.
The goblin is heavily wounded.
You shoot an arrow. The arrow hits the goblin.
You kill the goblin!
As you open the door, it creaks loudly!
A hobgoblin and a goblin come into view.
The hobgoblin shouts!
The goblin shouts!
You hear a shout!
You shoot an arrow. The arrow hits the hobgoblin.
You kill the hobgoblin!
A kobold comes into view.
It is wielding a +0 short sword of freezing.
You shoot an arrow. The arrow closely misses the goblin.
The kobold throws a stone.
The stone misses you.
You shoot an arrow. The arrow misses the goblin.
You shoot an arrow. The arrow barely misses the goblin.
The kobold throws a stone.
The stone hits you but does no damage.
You shoot an arrow. The arrow barely misses the goblin.
The goblin misses you.
You shoot an arrow. The arrow hits the goblin.
The goblin is moderately wounded.
The goblin barely misses you.
You shoot an arrow. The arrow closely misses the goblin.
The goblin hits you with a +0 dagger. The kobold closely misses you.
You shoot an arrow. The arrow closely misses the goblin.
The kobold hits you with a +0 short sword of freezing.
The kobold freezes you. The goblin closely misses you.
You shoot an arrow. The arrow hits the goblin.
The goblin is severely wounded.
The kobold hits you with a +0 short sword of freezing.
The kobold freezes you. The goblin closely misses you.
You shoot an arrow. The arrow barely misses the goblin.
The kobold closely misses you. The goblin hits you with a +0 dagger.
The goblin hits you but does no damage.
The kobold hits you with a +0 short sword of freezing.
The kobold freezes you.
You shoot an arrow. The arrow hits the goblin!
You kill the goblin!
The kobold hits you with a +0 short sword of freezing.
You die...

. #. ###........
#.. ..#........
#..# #.#.....)..
### ...##.#........
.... ....#........
..... #..#........
......##K.#........
.....%)@#...#+#
......###.....#
..... ####.## ....
#.### ...
#####...##### ..
.....(........# #
#.............#
#.............#
#.............#


You could see a kobold.

Vanquished Creatures
  An endoplasm (D:1)
  2 goblins (D:1)
  A hobgoblin (D:1)
  A kobold (D:1)
  A rat (D:1)
6 creatures vanquished.

Notes
Turn   | Place    | Note
-------+----------+-------------------------------------------
     0 | D:1      | qw the Deep Elf Hunter began the quest for the Orb.
     0 | D:1      | Reached XP level 1. HP: 12/12 MP: 3/3
     0 | D:1      | 0 ||| qw: Version: 0.3-a-160-g6735b56
     0 | D:1      | 0 ||| qw: Game counter: 5515
     0 | D:1      | 0 ||| qw: Melee chars always use a shield: true
     0 | D:1      | 0 ||| qw: God list: Okawaru
     0 | D:1      | 0 ||| qw: Allow faded altars: false
     0 | D:1      | 0 ||| qw: Do Orc after clearing Dungeon:15 true
     0 | D:1      | 0 ||| qw: Do second Lair branch before Depths: true
     0 | D:1      | 0 ||| qw: Lair rune preference: random
     0 | D:1      | 0 ||| qw: Goals: Normal
     0 | D:1      | 0 ||| PLANNING D:1-11
    65 | D:1      | HP: 3/12 [kobold/+0 short sword of freezing (4)]
    66 | D:1      | Slain by a kobold

Levels and vault maps discovered:
D:1:      tarquinn_simple_flora_water_e, layout_basic,
          shapermc_ecumenical_altar_acropolis, minmay_tetromino_s2

Action                     || total
---------------------------++-------
   Fire: Shortbow          ||    20
 Armour: Leather armour    ||     8
  Dodge: Dodged            ||     7

Table legend:
 A = Non-vault XP
 B = Vault XP
 C = Vault XP percentage of total XP
 D = Non-vault monster count
 E = Vault monster count
 F = Vault count percentage of total count
                 A         B        C        D         E       F
            +---------+---------+-------+---------+---------+-------
      Total |      10 |       0 |   0.0 |       6 |       0 |   0.0
            +---------+---------+-------+---------+---------+-------
        D:1 |      10 |       0 |   0.0 |       6 |       0 |   0.0
            +---------+---------+-------+---------+---------+-------
